 Seeded DCSS version 0.29.1-13-g9f3cf754e1 (webtiles) character file.

Game seed: 16245865983455551772 (custom seed)

61 OTABOTABOTAB the Caller (level 4, 27/27 HPs)
             Began as an Octopode Summoner on Jan 27, 2023.
             Quit the game on level 2 of the Dungeon.
             The game lasted 00:02:07 (2011 turns).

OTABOTABOTAB the Caller (Octopode Summoner)         Turns: 2011, Time: 00:02:08

Health: 27/27      AC:  1    Str:  7    XL:     4   Next: 7%
Magic:  8/8        EV: 13    Int: 31    God:
Gold:   696        SH:  0    Dex: 12    Spells: 2/8 levels left

rFire   . . .      SeeInvis .   d - +8 longbow (flame)
rCold   . . .      Faith    .   (shield currently unavailable)
rNeg    . . .      Spirit   .   (helmet restricted)
rPois   .          Reflect  .   (no amulet)
rElec   .          Harm     .   I - +6 ring of intelligence
rCorr   .          Rampage  .   g - +6 ring of intelligence
Will    .....                   (no ring)
Stlth   +++.......              (no ring)
HPRegen 0.09/turn               (no ring)
MPRegen 0.11/turn               (no ring)
                                (no ring)
                                (no ring)

@: no status effects
A: almost no armour, amphibious, 8 rings, camouflage 1, gelatinous body 1,
(nimble swimmer 1), tentacles
a: no special abilities


You were on level 2 of the Dungeon.
You visited 1 branch of the dungeon, and saw 2 of its levels.

You collected 696 gold pieces.

Inventory:

Hand Weapons
 d - a +8 longbow of flaming (weapon)
   (You acquired it on level 1 of the Dungeon)
Missiles
 c - 2 poisoned darts
 s - 22 stones
Armour
 e - the +3 warlock's mirror {reflect}
   (You acquired it on level 1 of the Dungeon)

   It can block and reflect piercing ranged attacks and magical attacks against
   the wielder's willpower.
Jewellery
 g - a +6 ring of intelligence (right tentacle)
   (You found it on level 1 of the Dungeon)
 I - a +6 ring of intelligence (left tentacle)
   (You found it on level 1 of the Dungeon)
Scrolls
 f - 2 scrolls of teleportation {unknown}
 i - a scroll of summoning {unknown}
 j - a scroll of identify {unknown}
 k - a scroll of enchant weapon {unknown}
Potions
 a - a potion of might {unknown}
 b - 2 potions of flight {unknown}
 h - a potion of lignification {unknown}
 M - a potion of magic


   Skills:
 - Level 2.2 Dodging
 - Level 3.1 Stealth
 + Level 2.9 Spellcasting
 + Level 4.6 Summonings


You had 2 spell levels left.
You knew the following spells:

 Your Spells              Type           Power      Damage    Failure   Level
a - Summon Small Mammal   Summ           100%       N/A       1%          1
b - Call Canine Familiar  Summ           33%        N/A       3%          3
c - Call Imp              Summ           33%        N/A       1%          2

Your spell library contained the following spells:

 Spells                   Type           Power      Damage    Failure   Level
 Sting                    Tmut/Pois      16%        1d3       7%          1
 Poisonous Vapours        Pois/Air       8%         N/A       11%         2
 Summon Guardian Golem    Hex/Summ       19%        N/A       8%          3
 Summon Lightning Spire   Summ/Air       19%        N/A       26%         4
 Olgreb's Toxic Radiance  Pois           4%         N/A       56%         4


Dungeon Overview and Level Annotations

Branches:
Dungeon (2/15)

Altars:


Innate Abilities, Weirdness & Mutations

You cannot wear most types of armour.
You are amphibious.
You can wear up to eight rings at the same time.
Your skin changes colour to match your surroundings (Stealth+).
Your rubbery body absorbs attacks. (AC +1, EV +1)
((You are camouflaged when in or above water. (Stealth+)))
You have tentacles for arms and can constrict up to eight enemies at once.


Message History

An endoplasm comes into view.
You shoot an arrow. The arrow hits the endoplasm.
The arrow burns the endoplasm.
You kill the endoplasm!
You have reached level 3!
Your experience leads to an increase in your attributes!
Your base attributes are Str 7, Int 17, Dex 12.
Increase (s)trength, (i)ntelligence, or (d)exterity?
You feel clever. x2
Health restored: 21; MP restored: 6 This spell is quite dangerous to cast!
Memorise Call Canine Familiar, consuming 3 spell levels and leaving 0?
You start memorising the spell.
You continue memorising. x3
You finish memorising.
Spell assigned to 'b'.
There is an open door here.
There is an open door here.
s - 14 stones (gained 6) Done exploring.
(D) Dungeon
Where to? (? - help)
There is an open door here.
There is a stone staircase leading down here.
You climb downwards.
There is a stone staircase leading up here.
h - a glowing emerald potion No target in view!
A rat comes into view.
You shoot an arrow. The arrow hits the rat!
The arrow burns the rat.
You kill the rat!
You see here a rat corpse.
You now have 660 gold pieces (gained 15).
You see here a rat corpse.
i - a scroll labelled PEWESOQEAK No target in view!
f - 2 scrolls labelled XODATU UXUOJ (gained 1)
Found a stone staircase leading down.
j - a scroll labelled DOIQEGH ICARY No target in view!
s - 22 stones (gained 8)
Found a stone staircase leading down.
A bat comes into view.
A bat is nearby!
You shoot an arrow. The arrow closely misses the bat.
The bat barely misses you.
A bat is nearby!
You shoot an arrow. The arrow hits the bat!
The arrow burns the bat.
You kill the bat!
k - a scroll labelled WUDUNO YGUA
Found a stone staircase leading down.
You now have 674 gold pieces (gained 14).
Found an escape hatch in the ceiling.
Found a stone staircase leading up.
No target in view!
An adder comes into view.
You shoot an arrow. The arrow hits the adder.
The arrow burns the adder.
You shoot an arrow. The arrow hits the adder!
The arrow burns the adder.
You kill the adder!
Jessica the Apprentice Sorceress comes into view.
She is wielding a +0 dagger of draining.
Jessica mumbles some strange words.
Jessica seems to speed up.
You shoot an arrow. The arrow barely misses Jessica.
You shoot an arrow. The arrow barely misses Jessica.
You shoot an arrow. The arrow hits Jessica.
The arrow burns Jessica.
Jessica points at you and mumbles some strange words.
Pain shoots through your body! Jessica closely misses you.
You take 4 damage, and have 17/21 hp.
You shoot an arrow. The arrow barely misses Jessica.
Jessica hits you with a +0 dagger of draining.
You feel drained.
Jessica hits you with a +0 dagger of draining.
You feel drained.
* * * LOW HITPOINT WARNING * * *
You take 12 damage, and have 5/19 hp.
MASSIVE DAMAGE!!
Unknown command.
Fire: d) +8 longbow (flame)
Aim: Jessica, wielding a +0 dagger of draining and wearing a +0 robe (moderately wounded, fast, 64% to hit)
You shoot an arrow. The arrow hits Jessica!
The arrow burns Jessica.
You kill Jessica!
Your life force feels restored.
You have reached level 4!
You regained 2 hp, and now have 7/27 hp.
Things that are here:
a +0 dagger of draining; a +0 robe; the human skeleton of Jessica Health restored: 27; MP restored: 8
Found an escape hatch in the floor.
There is an escape hatch in the floor here.
You pick up a Young Poisoner's Handbook and begin reading...
You add the spells Sting, Poisonous Vapours and Olgreb's Toxic Radiance to your library.
You now have 684 gold pieces (gained 10).
You now have 687 gold pieces (gained 3).
Found a stone staircase leading up.
You now have 696 gold pieces (gained 9).
A rat comes into view.
A rat is nearby!
You shoot an arrow. The arrow hits the rat!
The arrow burns the rat.
You kill the rat!
Done exploring.
Done exploring.
Done exploring.
Okay, then.

#.########.#####
#<......##.#
#######.##.#######
#..............
#.#####.#######
####.# #.## #....#
#..# #.##.# #..##
#@##.#####...#####
#.##.......#......
#.########...#####
#.# ##.## #.# #.#
#.#########.#
#...........#
#############


There were no monsters in sight!

Vanquished Creatures
  Jessica (D:2)
  An adder (D:2)
  2 ball pythons (D:1)
  2 bats
  3 endoplasms (D:1)
  2 goblins (D:1)
  3 hobgoblins (D:1)
  2 kobolds (D:1)
  3 quokkas (D:1)
  A frilled lizard (D:1)
  3 rats
23 creatures vanquished.

Vanquished Creatures (collateral kills)
  An endoplasm (D:1)
1 creature vanquished.

Grand Total: 24 creatures vanquished

Notes
Turn   | Place    | Note
-------+----------+-------------------------------------------
     0 | D:1      | OTABOTABOTAB the Octopode Summoner began the quest for the
                  | Orb.
     0 | D:1      | Reached XP level 1. HP: 11/11 MP: 3/3
   174 | D:1      | Identified 3 scrolls of acquirement
   174 | D:1      | Acquired a +8 longbow of flaming
   176 | D:1      | Acquired the +3 warlock's mirror {reflect}
   176 | D:1      | Found the +3 warlock's mirror {reflect}
   178 | D:1      | Acquired 605 gold pieces
   288 | D:1      | Reached skill level 3 in Stealth
   288 | D:1      | Reached XP level 2. HP: 17/17 MP: 5/5
   345 | D:1      | Found a faded altar of an unknown god.
   451 | D:1      | Learned a level 2 spell: Call Imp
  1050 | D:1      | Reached XP level 3. HP: 21/21 MP: 6/6
  1054 | D:1      | Learned a level 3 spell: Call Canine Familiar
  1511 | D:2      | Noticed Jessica
  1516 | D:2      | Killed Jessica
  1517 | D:2      | Reached XP level 4. HP: 7/27 MP: 6/8
  2011 | D:2      | Quit the game

Illustrated notes

Levels and vault maps discovered:
D:1:      minmay_arrival_hallway, layout_loops_corners, basic_ecumenical_altar,
          minmay_unequal
D:2:      layout_loops_ring, uniq_jessica

Skill      XL: |  1 |
---------------+----+-----
Stealth        | 3 |  3.1
Dodging        | |  2.2
Spellcasting   | |  2.9
Summonings     | |  4.6

Action                   |  1- 3 |  4- 6 || total
-------------------------+-------+-------++-------
 Fire: Sling             |     5 |       ||     5
       Longbow           |    27 |     1 ||    28
 Cast: Summon Small Mamm |     4 |       ||     4
  Use: Scroll            |     3 |       ||     3
Dodge: Dodged            |     4 |       ||     4

Table legend: (Time is in decaauts)
 A = Elapsed time spent in this place.
 B = Non-inter-level travel time spent in this place.
 C = Inter-level travel time spent in this place.
 D = Time resting spent in this place.
 E = Time spent auto-exploring this place.
 F = Levels seen in this place.
 G = Mean time per level.
                   A        B        C        D        E       F      G
               +--------+--------+--------+--------+--------+-----+--------+
         Total |   2030 |   1982 |     48 |    100 |   1751 |   2 | 1015.0 |
       Dungeon |   2030 |   1982 |     48 |    100 |   1751 |   2 | 1015.0 |
               +--------+--------+--------+--------+--------+-----+--------+

Top non-repeatable levels by time:
     D:1: 1186 daAuts
     D:2: 843 daAuts

Table legend:
 A = Kills in this place as a percentage of kills in entire the game.
 B = Kills by you in this place as a percentage of kills by you in the entire game.
 C = Kills by friends in this place as a percentage of kills by friends in the entire game.
 D = Other kills in this place as a percentage of other kills in the entire game.
 E = Experience gained in this place as a percentage of experience gained in the entire game.
 F = Experience gained in this place divided by the number of levels of this place that you have seen.
                   A       B       C       D       E      F
               +-------+-------+-------+-------+-------+----------------------
         Total | 100.0 | 100.0 | 100.0 |   N/A | 100.0 |  44.0
       Dungeon | 100.0 | 100.0 | 100.0 |   N/A | 100.0 |  44.0
               +-------+-------+-------+-------+-------+----------------------
